 Dungeon Crawl Stone Soup version 0.15-a0-1174-g8389a64 (webtiles) character file.

37678 Amnesiac the Unseen (level 13, -2/74 HPs)
             Began as a Deep Elf Enchanter on May 31, 2014.
             Was the Champion of Dithmenos.
             Slain by a blink frog (18 damage)
             ... on Level 8 of the Lair of Beasts.
             The game lasted 02:04:54 (16500 turns).

Amnesiac the Unseen (Deep Elf Enchanter)           Turns: 16500, Time: 02:04:54

HP  -2/74        AC  8     Str  8      XL: 13   Next: 59%
MP  21/34        EV 17     Int 30      God: Dithmenos [******]
Gold 869         SH 11     Dex 15      Spells:  6 memorised,  8 levels left

rFire  . . .     SeeInvis .     q - +5 dagger "Klaihu" {stab, +Inv rElec MR++ Str+3}
rCold  + . .     Clarity  .     C - +2 leather armour "Plog" {rElec MR+ Int+4}
rNeg   . . .     rCorr    .     y - +0 buckler
rPois  .         rRot     .     (no helmet)
rElec  +         Spirit   .     (no cloak)
SustAb .         Warding  .     M - +2 pair of gloves {rF+}
rMut   .         Stasis   .     (no boots)
Gourm  .                        (no amulet)
MR     ++++.                    t - +6,+4 ring of slaying
                                h - ring of ice

@: lethally poisoned, very slightly contaminated, wreathed by umbra, incredibly
resistant to hostile enchantments, extremely stealthy
A: no striking features
a: Shadow Step, Shadow Form, Renounce Religion, Evoke Invisibility


You were on level 8 of the Lair of Beasts.
You worshipped Dithmenos.
Dithmenos was exalted by your worship.
You were not hungry.

You visited 3 branches of the dungeon, and saw 18 of its levels.
You also visited: Labyrinth, Sewer and Volcano.

You collected 1060 gold pieces.
You spent 191 gold pieces at shops.

Inventory:

Hand weapons
 q - the +5,+5 dagger "Klaihu" (weapon) {stab, +Inv rElec MR++ Str+3}
   (You found it on level 5 of the Lair of Beasts)

   It inflicts extra damage upon your enemies.
   It affects your strength (+3).
   It insulates you from electricity.
   It affects your resistance to hostile enchantments.
   It lets you turn invisible.
 w - a +2,+3 dagger of electrocution
Missiles
 e - 3 needles of confusion
 n - 7 curare-tipped needles
 p - 4 throwing nets (quivered)
 P - 4 needles of paralysis
Armour
 y - a +0 buckler (worn)
 C - the +2 leather armour "Plog" (worn) {rElec MR+ Int+4}
   (You found it in a labyrinth)

   It affects your intelligence (+4).
   It insulates you from electricity.
   It affects your resistance to hostile enchantments.
 M - a +2 pair of gloves of fire resistance (worn)
Magical devices
 F - a wand of heal wounds (4)
 H - a wand of cold (10)
 J - a wand of disintegration (7)
Comestibles
 d - 11 bread rations
 m - 3 beef jerkies
 v - 28 fruits
 G - 2 meat rations
 K - 19 royal jellies
 Y - a slice of pizza
Scrolls
 g - a scroll of holy word {unknown}
 i - 4 scrolls of teleportation
 j - a scroll of enchant weapon II
 l - 5 scrolls of fog
 r - 3 scrolls of enchant armour
 x - 3 scrolls of fear
 z - 2 scrolls of recharging
 B - 3 scrolls of blinking
 D - 3 scrolls of magic mapping
 I - a scroll of torment {unknown}
 U - a scroll of enchant weapon I
 X - 7 scrolls of remove curse
 Z - a scroll of summoning
Jewellery
 h - a ring of ice (left hand)
 t - a +6,+4 ring of slaying (right hand)
 E - an uncursed ring of see invisible
Potions
 a - 3 potions of brilliance
 f - a potion of agility
 k - 5 potions of heal wounds
 o - 2 potions of might
 s - 5 potions of resistance
 u - 8 potions of curing
 L - a potion of porridge
 Q - a potion of magic
 T - 2 potions of restore abilities
 V - a potion of haste
 W - 3 potions of cure mutation
Books
 b - a book of Wizardry

   Spells                             Type                      Level
   Agony                              Necromancy                   5
   Force Lance                        Conjuration                  5
   Dispersal                          Translocation                6
   *Haste                             Charms                       6
   *Invisibility                      Hexes                        6
   Spellforged Servitor               Conjuration/Summoning        7
 c - a book of Maledictions

   Spells                             Type                      Level
   Corona                             Hexes                        1
   Sure Blade                         Hexes/Charms                 2
   *Ensorcelled Hibernation           Hexes/Ice                    2
   *Confuse                           Hexes                        3
   *Dazzling Spray                    Conjuration/Hexes            3
   *Enslavement                       Hexes                        4
 A - a Grand Grimoire {highlevel, unknown}

   This book is beyond your current level of understanding.

   Spells                             Type                      Level
   Aura of Abjuration                 Summoning                    6
   Forceful Dismissal                 Summoning                    6
   Haunt                              Necromancy/Summoning         7
   Summon Greater Demon               Summoning                    7
   Malign Gateway                     Summoning/Translocation      7
   Summon Horrible Things             Summoning                    8


   Skills:
 - Level 6.0 Fighting
 - Level 10.0 Short Blades
 - Level 10.3 Dodging
 + Level 17.7 Stealth
 - Level 5.2 Shields
 - Level 10.0 Spellcasting
 - Level 10.0 Hexes


You had 8 spell levels left.
You knew the following spells:

 Your Spells              Type           Power        Failure   Level  Hunger
a - Haste                 Chrm           ###.....     100%        6    #####..
c - Invisibility          Hex            ######..     10%         6    #####..
d - Enslavement           Hex            ######..     1%          4    None
e - Dazzling Spray        Conj/Hex       #####...     1%          3    None
f - Confuse               Hex            ######..     1%          3    None
z - Ensorcelled Hibernat  Hex/Ice        ######       1%          2    None


Dungeon Overview and Level Annotations

Branches:
Dungeon (9/15)             Temple (1/1) D:5            Lair (8/8) D:9
  Swamp (0/5) Lair:6       Spider (0/5) Lair:6
    Orc: D:9-12       Slime: Lair:6-8

Altars:
Ashenzari
Cheibriados
Dithmenos
Elyvilon
Fedhas
Gozag
Kikubaaqudgha
Makhleb
Nemelex Xobeh
Okawaru
Qazlal
Sif Muna
Trog
Vehumet
Xom
Yredelemnul
Zin
The Shining One

Shops:
D:6 *   D:8 *

Annotations:
Lair:8 exclusion: oklob plant


Message History

You feel sick.
You feel sick.
The blink frog gives a loud, deep croak!
Found 21 gold pieces.
A giant frog comes into view.
You see here 16 gold pieces.
You now have 869 gold pieces (gained 16).
You feel sick.
The blink frog blinks!
You feel sick.
You feel sick.
You feel sick.
Casting: Ensorcelled Hibernation
Confirm with . or Enter, or press ? or * to list all spells.
Aiming: Ensorcelled Hibernation
Press: ? - help, Shift-Dir - straight line, f - blink frog
Aim: a blink frog (umbra)
You feel a surge of power!
The blink frog resists.
Your shadow mimicks your spell!
The blink frog easily resists.
The blink frog hits you!!
You die...

≈≈$.≈..♣....#.P.....P.≈≈≈
≈≈..≈≈≈≈♣..♣####........≈
≈.≈.≈..≈≈..#♣ #........≈
..≈.≈≈..≈.♣♣
###.......P.≈
≈≈≈...≈.≈≈≈♣
♣#......#..P≈ .≈.≈.≈≈..≈♣
#......#......
≈.≈.......♣♣##...........
.≈.≈≈≈≈≈≈≈..♣.P..........
.≈.≈..≈≈.♣.@F.........P.
≈≈≈.≈...♣....P..P...$#
..≈≈.≈....#..P....P.
..≈..P####.P.... ......P
#..... ≈♣..## ###. ♣♣. #♣


You could see a blink frog.

Vanquished Creatures
  Maud (Lair:6)
  A minotaur (Lab)
  Harold (Lair:8)
  2 hydras
  The ghost of uri the Earth Mage, a powerful GrEE of Vehumet (Lair:1)
  An orb spider (Lair:6)
  An orc sorcerer (Volcano)
  3 black mambas
  12 spiny frogs
  6 komodo dragons
  A fire drake (Lair:6)
  21 blink frogs
  A two-headed ogre (D:8)
  4 wandering mushrooms (Lair:2)
  A queen bee (Lair:5)
  A giant leech (Lair:8)
  A boulder beetle (Lair:7)
  2 basilisks (Lair:3)
  21 yaks
  5 sharks
  A hungry ghost (D:9)
  8 hippogriffs
  2 wyverns
  A vampire mosquito (Lair:8)
  5 fire bats
  14 wolves
  15 water moccasins
  12 porcupines
  5 orc warriors
  Purgy (D:3)
  A black bear (D:7)
  3 ogres (D:5)
  2 phantoms
  A sky beast (D:5)
  3 boring beetles
  2 centaurs
  18 crocodiles
  12 lava worms (Volcano)
  6 giant slugs
  A brain worm (D:9)
  20 giant frogs
  31 killer bees
  3 electric eels (Lair:2)
  5 lava snakes (Volcano)
  10 crimson imps
  A centaur zombie (D:6)
  2 goliath beetles
  8 hounds
  A jelly (D:6)
  A two-headed ogre zombie (D:8)
  6 orc priests
  11 big fish
  A giant frog skeleton (D:9)
  6 iguanas
  9 orc wizards
  7 worker ants
  8 sheep
  Terence (D:3)
  A worker ant zombie (D:7)
  22 adders
  A worm zombie (D:7)
  68 green rats
  3 shadow imps
  4 giant mites
  6 worms
  An iguana skeleton (D:4)
  An orc zombie (D:5)
  9 giant geckos
  22 orcs
  7 ball pythons
  19 bats
  9 goblins
  11 hobgoblins
  31 jackals
  15 kobolds
  19 quokkas
  4 giant cockroaches
  A giant cockroach zombie (D:5)
  12 giant newts
  An orc skeleton (D:5)
  17 rats
  3 ballistomycetes (D:7)
618 creatures vanquished.

Vanquished Creatures (collateral kills)
  An orc priest (D:7)
  4 orcs
  3 jackals (D:7)
  A kobold (D:7)
  A giant spore (D:7)
10 creatures vanquished.

Vanquished Creatures (others)
  2 fungi (Lair:2)
  5 plants
7 creatures vanquished.

Grand Total: 635 creatures vanquished

Notes
Turn   | Place    | Note
--------------------------------------------------------------
     0 | D:1      | Amnesiac, the Deep Elf Enchanter, began the quest for the Orb.
     0 | D:1      | Reached XP level 1. HP: 10/10 MP: 5/5
   412 | D:2      | Reached XP level 2. HP: 10/15 MP: 4/8
   423 | D:1      | Learned a level 2 spell: Ensorcelled Hibernation
   874 | D:3      | Reached XP level 3. HP: 17/19 MP: 10/10
   879 | D:3      | Learned a level 3 spell: Confuse
   984 | D:3      | Found a glowing drain.
  1074 | Sewer    | Entered a sewer
  1140 | Sewer    | Learned a level 3 spell: Dazzling Spray
  1258 | Sewer    | Noticed a crocodile
  1271 | Sewer    | Killed a crocodile
  1271 | Sewer    | Reached skill level 5 in Stealth
  1271 | Sewer    | Reached skill level 5 in Hexes
  1271 | Sewer    | Reached XP level 4. HP: 24/24 MP: 6/13
  1410 | D:3      | Reached XP level 5. HP: 18/28 MP: 8/16
  1656 | D:5      | Entered Level 5 of the Dungeon
  1701 | D:5      | Noticed an ogre
  1705 | D:5      | Killed an ogre
  1705 | D:5      | Reached skill level 6 in Stealth
  1740 | D:5      | Noticed a sky beast
  1774 | D:5      | Killed a sky beast
  1774 | D:5      | Reached XP level 6. HP: 22/32 MP: 15/18
  1815 | D:5      | Noticed an ogre
  1821 | D:5      | Killed an ogre
  1821 | D:5      | Reached skill level 7 in Stealth
  1853 | D:5      | Found an iron altar of Okawaru.
  1854 | D:5      | Found a deep blue altar of Sif Muna.
  1879 | D:5      | Found an opulent altar of Gozag.
  1891 | D:5      | Found a snail-covered altar of Cheibriados.
  1893 | D:5      | Found a sparkling altar of Nemelex Xobeh.
  2015 | D:5      | Found a staircase to the Ecumenical Temple.
  2017 | D:5      | Noticed a centaur
  2023 | Temple   | Entered the Ecumenical Temple
  2062 | Temple   | Became a worshipper of Dithmenos the Shadowed
  2081 | D:5      | Killed a centaur
  2081 | D:5      | Reached XP level 7. HP: 36/36 MP: 18/20
  2263 | D:1      | Found a sparkling altar of Nemelex Xobeh.
  3124 | D:3      | Noticed a phantom
  3132 | D:3      | Noticed Purgy
  3135 | D:3      | Killed Purgy
  3135 | D:3      | Reached skill level 8 in Stealth
  3155 | D:3      | Killed a phantom
  3252 | D:3      | Found a blossoming altar of Fedhas.
  3415 | D:3      | Noticed Terence
  3425 | D:3      | Killed Terence
  3656 | D:4      | Acquired Dithmenos' first power
  3673 | D:4      | Learned a level 4 spell: Enslavement
  4334 | D:5      | Reached XP level 8. HP: 41/41 MP: 22/22
  4344 | D:5      | Noticed an ogre
  4350 | D:5      | Killed an ogre
  5152 | D:6      | You fall through a shaft for 3 floors!
  5153 | D:9      | Reached skill level 5 in Dodging
  5200 | D:8      | Found Idixufav's Assorted Antiques.
  5215 | D:9      | Reached skill level 5 in Short Blades
  5510 | D:8      | Bought a viscous inky potion for 29 gold pieces
  5510 | D:8      | Bought a scroll labeled PNEDGH SOZXE for 33 gold pieces
  5510 | D:8      | Bought a slimy brown potion for 29 gold pieces
  5519 | D:8      | Noticed a two-headed ogre
  5559 | D:8      | Killed a two-headed ogre
  5559 | D:8      | Reached XP level 9. HP: 16/45 MP: 21/24
  5892 | D:7      | Found a white marble altar of Elyvilon.
  5933 | D:7      | Acquired Dithmenos' second power
  6744 | D:6      | Found a bloodstained altar of Trog.
  6771 | D:6      | Reached skill level 9 in Short Blades
  7074 | D:6      | Got an ichor-stained ring mail
  7103 | D:6      | Found Klelam's General Store.
  7106 | D:6      | Bought a scroll of enchant weapon II for 55 gold pieces
  7106 | D:6      | Bought a +0 buckler for 45 gold pieces
  7356 | D:7      | Identified the cursed -2 ring mail "Reirin" {Str+4 Int+3 Curse} (You found it on level 6 of the Dungeon)
  7766 | D:8      | Reached skill level 1 in Shields
  7866 | D:8      | Reached skill level 10 in Short Blades
  7896 | D:8      | Found a burning altar of Makhleb.
  7900 | D:8      | Acquired Dithmenos' third power
  8346 | D:9      | Found a staircase to the Lair.
  8351 | Lair:1   | Entered Level 1 of the Lair of Beasts
  8647 | Lair:1   | Noticed a komodo dragon
  8658 | Lair:1   | Killed a komodo dragon
  8658 | Lair:1   | Reached XP level 10. HP: 50/50 MP: 25/25
  8691 | Lair:1   | Noticed an eight-headed hydra
  8742 | Lair:1   | Noticed uri's ghost (powerful GrEE)
  8753 | Lair:1   | Killed uri's ghost
  8753 | Lair:1   | Reached skill level 5 in Shields
  8900 | Lair:1   | Noticed a spiny frog
  8909 | Lair:1   | Killed a spiny frog
  8909 | Lair:1   | Reached skill level 10 in Stealth
  9455 | Lair:2   | Reached skill level 11 in Stealth
  9758 | Lair:2   | Reached skill level 12 in Stealth
  9769 | Lair:2   | Acquired Dithmenos' fourth power
  9990 | Lair:2   | Reached XP level 11. HP: 23/54 MP: 19/26
 10316 | Lair:2   | Reached skill level 10 in Hexes
 10882 | Lair:1   | Killed an eight-headed hydra
 10929 | Lair:3   | Noticed a five-headed hydra
 11013 | Lair:3   | Learned a level 6 spell: Invisibility
 11343 | Lair:3   | Killed a five-headed hydra
 11343 | Lair:3   | Reached skill level 10 in Dodging
 11429 | Lair:3   | Reached skill level 5 in Spellcasting
 11985 | Lair:4   | Reached XP level 12. HP: 44/59 MP: 22/32
 12204 | Lair:4   | Reached skill level 10 in Spellcasting
 12606 | Lair:4   | Reached skill level 1 in Fighting
 12842 | Lair:5   | Got an iridescent dagger
 12844 | Lair:5   | Identified the +5,+5 dagger "Klaihu" {stab, +Inv rElec MR++ Str+3} (You found it on level 5 of the Lair of Beasts)
 13137 | Lair:5   | Reached skill level 5 in Fighting
 13608 | Lair:6   | Reached skill level 13 in Stealth
 13730 | Lair:6   | Found a hole to the Spider Nest.
 13775 | Lair:6   | Reached skill level 14 in Stealth
 13959 | Lair:6   | Noticed Maud
 13989 | Lair:6   | Found a dark tunnel.
 14020 | Volcano  | Entered a volcano
 14139 | Volcano  | Reached XP level 13. HP: 63/74 MP: 15/34
 14323 | Volcano  | Found a burning altar of Makhleb.
 14326 | Volcano  | Reached skill level 15 in Stealth
 14449 | Lair:6   | Found a staircase to the Swamp.
 14508 | Lair:6   | Killed Maud
 15144 | Lair:7   | Found a labyrinth entrance.
 15192 | Lair:7   | Learned a level 6 spell: Haste
 15211 | Lab      | Entered a labyrinth
 15452 | Lab      | Reached skill level 16 in Stealth
 15463 | Lab      | Got a pitted leather armour
 15464 | Lab      | Got a crude shortbow
 15479 | Lair:7   | Identified the +2 leather armour "Plog" {rElec MR+ Int+4} (You found it in a labyrinth)
 15507 | Lair:7   | Identified the +7,+5 shortbow of the Lurker {velocity, rF+} (You found it in a labyrinth)
 15513 | Lair:7   | Identified a +4 rod of clouds (10/10) (You found it in a labyrinth)
 16007 | Lair:7   | Got a smoking glass ring
 16212 | Lair:8   | Entered Level 8 of the Lair of Beasts
 16212 | Lair:8   | Noticed Harold
 16214 | Lair:8   | Killed Harold
 16235 | Lair:8   | Identified the ring "Skuloiff" {SustAb Dex-1} (You found it on level 7 of the Lair of Beasts)
 16376 | Lair:8   | Reached skill level 17 in Stealth
 16500 | Lair:8   | Slain by a blink frog

Action                   |  1- 3 |  4- 6 |  7- 9 | 10-12 | 13-15 || total
-------------------------+-------+-------+-------+-------+-------++-------
Melee: Dagger            |    69 |    32 |   322 |   486 |   161 ||  1070
       Short sword       |       |       |    49 |       |       ||    49
Throw: Stone             |       |       |       |    39 |       ||    39
 Cast: Corona            |     8 |       |       |       |       ||     8
       Ensorcelled Hiber |    13 |    11 |    72 |   187 |    51 ||   334
       Dazzling Spray    |       |     1 |       |     7 |     8 ||    16
       Confuse           |       |       |    12 |     4 |     3 ||    19
       Enslavement       |       |       |    11 |     2 |       ||    13
       Invisibility      |       |       |       |     3 |     2 ||     5
Invok: Shadow Step       |       |       |       |       |     2 ||     2
 Abil: Evoke Flight      |       |       |       |       |     1 ||     1
Evoke: Wand              |       |     1 |     6 |     3 |     3 ||    13
  Use: Scroll            |     9 |       |    23 |     5 |     5 ||    42
       Potion            |     1 |       |     4 |       |     1 ||     6
 Stab: Sleeping          |    14 |    10 |    74 |   195 |    70 ||   363
       Confused          |       |       |     6 |     3 |     1 ||    10
       Distracted        |       |       |     1 |       |       ||     1
       Invisible         |       |       |       |     3 |    14 ||    17
